 Dungeon Crawl Stone Soup version 0.17.1-1-g73c8601 (webtiles) character file.

1948 DeXoteric the Covert (level 8, -1/65 HPs)
             Began as a Vampire Assassin on Dec 29, 2015.
             Was an Initiate of Ashenzari.
             Slain by Joseph
             ... wielding a +0 quarterstaff
              (2 damage)
             ... on level 7 of the Dungeon.
             The game lasted 00:28:38 (13087 turns).

DeXoteric the Covert (Vampire Assassin)            Turns: 13087, Time: 00:28:38

Health: -1/65      AC:  0    Str:  5    XL:     8   Next: 98%
Magic:  6/8        EV: 19    Int: 13    God:    Ashenzari [......]
Gold:   358        SH:  0    Dex: 23    Spells: 0 memorised, 7 levels left

rFire  . . .     SeeInvis +     (weapon currently unavailable)
rCold  + + .     Clarity  .     (armour currently unavailable)
rNeg   + + +     SustAt   .     (shield currently unavailable)
rPois  ∞         Gourm    .     (helmet currently unavailable)
rElec  .         Spirit   .     (cloak currently unavailable)
rCorr  .         Warding  .     (gloves currently unavailable)
rMut   .         Stasis   .     (boots currently unavailable)
MR     .....                    (no amulet)
Stlth  +++++++...               (ring currently unavailable)
                                (ring currently unavailable)

@: bat-form, flying, bloodless, non-regenerating, very quick, not resistant to
hostile enchantments, extremely stealthy
A: (fangs 0), see invisible, (unbreathing)
a: End Transformation, Renounce Religion


You were on level 7 of the Dungeon.
You worshipped Ashenzari.
Ashenzari was noncommittal.
You were bloodless.
You were in vampire-bat-form.
You visited 2 branches of the dungeon, and saw 8 of its levels.

You collected 358 gold pieces.

Inventory:

Hand Weapons
 a - a +2 dagger
 b - a +0 blowgun
 E - a +3 rapier (melded)
Missiles
 f - 4 curare-tipped needles
 m - 27 poisoned needles
Armour
 c - a +0 robe
 d - a +0 cloak (melded)
 p - a +0 leather armour
 q - a cursed +0 ring mail (melded)
Jewellery
 r - a ring of protection from fire (melded)
 x - a +2 ring of strength (melded)
Scrolls
 e - a scroll of magic mapping {unknown}
 k - a scroll of amnesia {unknown}
 l - 2 scrolls of random uselessness {unknown}
 s - 2 scrolls of immolation {unknown}
 t - 2 scrolls of recharging {unknown}
 y - a scroll of enchant armour {unknown}
 z - a scroll of teleportation {unknown}
 B - a scroll of remove curse
 C - 3 scrolls of identify
Potions
 g - 6 potions of blood
 h - a potion of might
 i - a potion of brilliance
 j - a potion of heal wounds {unknown}
 n - a potion of resistance {unknown}
 o - 3 potions of invisibility
 u - 2 potions of agility
 v - a potion of cure mutation
 w - 3 potions of haste
 A - a potion of poison {unknown}
 D - a potion of curing {unknown}
 F - a potion of cancellation {unknown}


   Skills:
 + Level 6.4 Fighting
 + Level 7.5 Short Blades
 - Level 1.5 Throwing
 - Level 1.1 Dodging
 + Level 11.8 Stealth


You had 7 spell levels left.
You didn't know any spells.

Dungeon Overview and Level Annotations

Branches:
Dungeon (7/15)             Temple (1/1) D:4

Altars:
Ashenzari
Cheibriados
Dithmenos
Fedhas
Gozag
Kikubaaqudgha
Makhleb
Nemelex Xobeh
Okawaru
Ru
Sif Muna
Trog
Vehumet
Xom
Yredelemnul
Zin
The Shining One

Annotations:
D:2 Natasha
D:5 exclusion: door, Grinder
D:7 Joseph


Innate Abilities, Weirdness & Mutations

You do not heal naturally.
You are immune to poison.
((You have razor-sharp teeth.))
You have supernaturally acute eyesight.
((You can survive without breathing.))


Message History

Joseph hits you with an uncursed quarterstaff!
* * * LOW HITPOINT WARNING * * *
You take 9 damage, and have 14/65 hp.
You are too injured to fight recklessly!
You are too injured to fight recklessly!
You are too injured to fight recklessly!
You are too injured to fight recklessly!
You puncture Joseph! You hit Joseph.
Joseph hits you with an uncursed quarterstaff!
* * * LOW HITPOINT WARNING * * *
You take 13 damage, and have 1/65 hp.
You turn into a vampire bat.
Your +3 rapier melds into your body.
Your +0 cloak melds into your body.
Your cursed +0 ring mail melds into your body.
Your ring of protection from fire melds into your body.
Your +2 ring of strength melds into your body.
You feel weaker.
Joseph hits you with an uncursed quarterstaff.
You die...

...# ##..#####.
#..# #.........
#..#.###.####..
#..#...........
#..#####'####..
####..†........#
#(.............#
#.###..........#
#######b#
#.#.########
.......@###.#.#
####......#...#
#..(...#####
#......#
#......#
#......#
....##.## #####
#.#


You could see Joseph.

Vanquished Creatures
  Eustachio (D:6)
  A hungry ghost (D:6)
  An orc warrior (D:6)
  2 sky beasts (D:6)
  An ice beast (D:7)
  A necrophage (D:7)
  2 centaurs (D:6)
  2 scorpions
  6 hounds
  A quasit (D:6)
  A centaur skeleton (D:6)
  Ijyb (D:2)
  3 crimson imps
  A jelly (D:6)
  A giant frog skeleton (D:5)
  4 iguanas
  5 worker ants
  Natasha (D:2)
  An orc wizard (D:5)
  5 adders
  10 gnolls
  A shadow imp (D:4)
  2 oozes
  An adder zombie (D:6)
  2 worms (D:6)
  2 adder skeletons
  8 orcs
  9 bats
  5 giant cockroaches
  9 goblins
  8 hobgoblins
  4 jackals
  9 kobolds
  10 quokkas
  5 ball pythons
  6 giant geckos
  3 giant newts
  A jackal skeleton (D:4)
  2 quokka skeletons
  13 rats
151 creatures vanquished.

Notes
Turn   | Place    | Note
--------------------------------------------------------------
     0 | D:1      | DeXoteric the Vampire Assassin began the quest for the Orb.
     0 | D:1      | Reached XP level 1. HP: 16/16 MP: 1/1
   118 | D:1      | Reached skill level 6 in Stealth
   146 | D:1      | Reached XP level 2. HP: 15/22 MP: 2/2
   960 | D:1      | Reached XP level 3. HP: 24/28 MP: 3/3
  1172 | D:2      | Found a faded altar to an unknown god.
  1224 | D:2      | Noticed Ijyb
  1257 | D:2      | Killed Ijyb
  1257 | D:2      | Reached XP level 4. HP: 25/34 MP: 4/4
  1266 | D:2      | Found a sacrificial altar of Ru.
  1379 | D:2      | Found a shimmering altar of Xom.
  1380 | D:2      | Noticed an angel
  1385 | D:2      | Found a glowing silver altar of Zin.
  1419 | D:2      | Found a sparkling altar of Nemelex Xobeh.
  1712 | D:2      | Reached skill level 7 in Stealth
  2026 | D:2      | Noticed Natasha
  2044 | D:2      | Killed Natasha
  2145 | D:2      | Noticed Natasha
  3090 | D:3      | Reached XP level 5. HP: 39/41 MP: 5/5
  3354 | D:3      | Found a radiant altar of Vehumet.
  3703 | D:3      | Found a basalt altar of Yredelemnul.
  3704 | D:3      | Found a glowing golden altar of the Shining One.
  3707 | D:3      | Noticed an angel
  3713 | D:3      | Noticed a profane servitor
  3756 | D:3      | Found a burning altar of Makhleb.
  4226 | D:4      | Reached skill level 8 in Stealth
  4453 | D:4      | Reached XP level 6. HP: 43/48 MP: 6/6
  5352 | D:4      | Found a staircase to the Ecumenical Temple.
  5358 | Temple   | Entered the Ecumenical Temple
  5529 | Temple   | Became a worshipper of Ashenzari the Shackled
  5610 | D:5      | Entered Level 5 of the Dungeon
  6658 | D:5      | Noticed Grinder
  6693 | D:5      | Paralysed by Grinder for 7 turns
  7196 | D:4      | Noticed a wyvern
  7964 | D:5      | Reached skill level 5 in Short Blades
  7964 | D:5      | Reached skill level 9 in Stealth
  7964 | D:5      | Reached XP level 7. HP: 54/54 MP: 7/7
  9038 | D:5      | Found a deep blue altar of Sif Muna.
 10500 | D:6      | Reached skill level 5 in Fighting
 10500 | D:6      | Reached skill level 10 in Stealth
 10700 | D:6      | Reached XP level 8. HP: 16/62 MP: 8/8
 12179 | D:6      | Reached skill level 11 in Stealth
 12215 | D:6      | Found a blossoming altar of Fedhas.
 12219 | D:6      | Found an ancient bone altar of Kikubaaqudgha.
 12223 | D:6      | Noticed Eustachio
 12229 | D:6      | Killed Eustachio
 12694 | D:6      | Found a snail-covered altar of Cheibriados.
 13047 | D:7      | Noticed Joseph
 13086 | D:7      | HP: 1/65 [Joseph/uncursed quarterstaff (13)]
 13087 | D:7      | Slain by Joseph

Action                   |  1- 3 |  4- 6 |  7- 9 || total
-------------------------+-------+-------+-------++-------
Melee: Dagger            |   122 |   381 |   204 ||   707
       Rapier            |       |       |    65 ||    65
 Fire: Blowgun           |       |       |    24 ||    24
 Abil: Bat Form          |       |     5 |     3 ||     8
       End Transformatio |       |     5 |     2 ||     7
  Use: Potion            |       |     5 |     5 ||    10
       Scroll            |       |       |     6 ||     6
 Stab: Sleeping          |     4 |    15 |     6 ||    25
       Distracted        |       |     3 |       ||     3
